Map: King's Cove LE

Players

Parkkatz

  • Race: Zerg Zerg
  • League: Platinum
  • Spawn Location: 5:00

HowlingElf - Winner!

  • Race: Protoss Protoss
  • League: Platinum
  • Spawn Location: 11:00

VOD

Have the link to the VOD?

Description

Time

  • Played on: July 5, 2019, 7:58 p.m.
  • Length: 2:17
Show
View Real Time Build Order
Export as new Build Order

Parkkatz Zerg 

Build Orders: Hatch First 

Get SALT Encoding   

  12  0:01  Drone  
  13  0:14  Overlord  
  13  0:20  Drone  
  14  0:33  Drone x2  
  16  0:39  Drone  
  17  0:48  Drone  
  18  1:00  Hatchery  
  18  1:01  Drone  
  18  1:03  Extractor  
  17  1:16  Spawning Pool  
  16  1:19  Drone  
  16  1:22  Drone  
  18  1:30  Drone  
  19  1:51  Overlord  
Show
View Real Time Build Order
Export as new Build Order

HowlingElf Protoss - Winner!

Build Orders: Cannon Rush 

Get SALT Encoding   

  12  0:03  Probe  
  13  0:15  Probe  
  13  0:19  Pylon  
  14  0:27  Probe  
  15  0:39  Probe  
  15  0:41  Forge  
  16  0:51  Probe  
  17  1:03  Probe  
  18  1:15  Probe  
  19  1:26  Pylon  
  19  1:30  Probe  
  20  1:48  Photon Cannon  
  20  1:49  Photon Cannon  
  20  1:50  Pylon  
  20  1:52  Photon Cannon  
  20  1:54  Photon Cannon  
  20  1:59  Pylon  
  20  2:01  Probe  
Tags
 
Add a new tag
Caveats
  • Supply blocks, unpowered buildings, or Contaminate may cause inaccurate times.
  • Supply counts are checked every 10 seconds.